 Dungeon Crawl Stone Soup version 0.27.0-1-g7a089689b8 (webtiles) character file.

Game seed: 837343559990968775

94 SkeletonJelly the Slasher (level 4, 0/23 HPs)
             Began as a Spriggan Monk on Aug 8, 2021.
             Slain by an orc priest (5 damage)
             ... on level 2 of the Dungeon.
             The game lasted 00:05:11 (3572 turns).

SkeletonJelly the Slasher (Spriggan Monk)           Turns: 3572, Time: 00:05:11

Health: 0/23       AC:  3    Str:  8    XL:     4   Next: 38%
Magic:  5/5        EV: 18    Int: 11    God:
Gold:   84         SH:  0    Dex: 17    Spells: 3/3 levels left

rFire    . . .     SeeInvis +   a - +0 falchion
rCold    . . .     Faith    .   (shield restricted)
rNeg     . . .     Spirit   .   b - +0 robe
rPois    .         Reflect  .   (helmet restricted)
rElec    .         Harm     .   h - +0 cloak
rCorr    .         Rampage  .   (gloves unavailable)
Will     .....                  (boots unavailable)
Stlth    ++........             (no amulet)
HPRegen  0.07/turn              (no ring)
MPRegen  0.09/turn              (no ring)

@: very quick
A: very small, no large weapons, unfitting armour, see invisible, speed 3
a: no special abilities


You were on level 2 of the Dungeon.
You visited 1 branch of the dungeon, and saw 3 of its levels.

You collected 84 gold pieces.

Inventory:

Hand Weapons
 a - a +0 falchion (weapon)
Missiles
 e - 11 poisoned darts (quivered)
Armour
 b - a +0 robe (worn)
 h - a +0 cloak (worn)
Jewellery
 c - a ring of fire
Wands
 l - a wand of iceblast (9)
Scrolls
 d - a scroll of silence {unknown}
 f - a scroll of enchant armour {unknown}
 g - 2 scrolls of enchant weapon {unknown}
 j - a scroll of amnesia {unknown}
 k - a scroll of teleportation {unknown}
Potions
 i - 2 potions of mutation {unknown}
 m - a potion of degeneration {unknown}


   Skills:
 - Level 2.4 Fighting
 + Level 4.3 Long Blades
 - Level 4.0 Dodging
 - Level 3.0 Stealth


You had 3 spell levels left.
You didn't know any spells.
Your spell library contained the following spells:

 Spells                   Type           Power      Damage    Failure   Level
 Freezing Cloud           Conj/Ice/Air   0%         6-21      100%        5
 Simulacrum               Ice/Necr       0%         N/A       100%        6
 Polar Vortex             Ice            0%         N/A       100%        9


Dungeon Overview and Level Annotations

Branches:
Dungeon (3/15)

Altars:

Shops:
D:1 *


Innate Abilities, Weirdness & Mutations

You are very small and have problems with some larger weapons.
You are too small for most types of armour.
You have supernaturally acute eyesight. (SInv)
You cover ground extremely quickly. (Speed+++)


Message History

Throw: 13 darts (poison)
Press: ? - help, Q - select action, (/) - cycle Shift-Dir - straight line, f - orc
Aim: an orc, wielding a +0 war axe and wearing a +0 leather armour (60% to hit)
You throw a poisoned dart.
The poisoned dart closely misses the orc.
Throw: 12 darts (poison)
Press: ? - help, Q - select action, (/) - cycle Shift-Dir - straight line, f/p - orc
Aim: an orc, wielding a +0 war axe and wearing a +0 leather armour (60% to hit)
You throw a poisoned dart.
The poisoned dart closely misses the orc.
The orc misses you.
You climb upwards.
There is a stone staircase leading down here.
You hit the orc.
The orc is moderately wounded.
The orc misses you. The orc closely misses you.
You hit the orc.
The orc is almost dead.
The orc closely misses you.
You hit the orc.
You kill the orc!
No target in view!
No target in view!
No target in view!
No target in view!
No target in view!
No target in view!
Things that are here:
a +0 war axe; a +0 leather armour; an orc corpse Done exploring.
Done exploring.
Done exploring.
There is a stone staircase leading down here.
You climb downwards.
An orc comes into view. It is wielding a +0 flail.
There is a stone staircase leading up here.
The orc shouts!
The orc priest looks encouraged for a moment.
You climb upwards.
There is a stone staircase leading down here.
You closely miss the orc priest. The orc priest misses you.
You riposte.
You hit the orc priest but do no damage.
You hit the orc priest.
The orc priest is moderately wounded.
The orc priest closely misses you.
You hit the orc priest but do no damage.
The orc priest is moderately wounded.
The orc priest closely misses you.
You hit the orc priest.
The orc priest is heavily wounded.
The orc priest mumbles some strange prayers to Beogh against you.
You struggle to resist.
You hit the orc priest but do no damage.
The orc priest is heavily wounded.
The orc priest misses you.
You hit the orc priest.
The orc priest is heavily wounded.
The orc priest closely misses you.
You hit the orc priest but do no damage.
The orc priest is heavily wounded.
The orc priest completely misses you.
You hit the orc priest but do no damage.
The orc priest is heavily wounded.
The orc priest completely misses you.
You riposte.
You hit the orc priest but do no damage.
The orc priest is heavily wounded.
The orc priest closely misses you.
You hit the orc priest but do no damage.
The orc priest is heavily wounded.
The orc priest misses you.
You hit the orc priest.
The orc priest is severely wounded.
The orc priest hits you with a +0 whip.
You hit the orc priest but do no damage.
The orc priest is severely wounded.
The orc priest begins to cast a cantrip, but forgets the words!
You hit the orc priest but do no damage.
The orc priest is severely wounded.
The orc priest looks encouraged for a moment.
You barely miss the orc priest.
The orc priest is severely wounded.
The orc priest closely misses you.
You barely miss the orc priest.
The orc priest is severely wounded.
The orc priest mumbles some strange prayers to Beogh against you.
Beogh smites you!
Ouch! That really hurt!
* * * LOW HITPOINT WARNING * * *
You are too injured to fight recklessly!
You are too injured to fight recklessly!
You are too injured to fight recklessly!
You are too injured to fight recklessly!
You are too injured to fight recklessly!
You barely miss the orc priest.
The orc priest is severely wounded.
The orc priest begins to cast a cantrip, but forgets the words!
You barely miss the orc priest.
The orc priest is severely wounded.
The orc priest hits you with a +0 whip.
You die...

#....## #....### #.....# #......#
#.....# #......# #.....#
##......## # #....#####
#..(.....# # #........##
####......#.### ##
#.....##..###.....##.##...#### #.
#.....###............##.#....###.
..)..## ##.....o@...###.####...#.
#...## #.[....[...# #.# ###...
##### #..........# #.## ##..
#....(.....###..#####<..
#.##.....#...##....##.##
#.##.....###...###...(##
#........# ###..#.....##
#####..### ##.(..#.### ##..#
###.....###


You could see an orc priest.

Vanquished Creatures
  Crazy Yiuf (D:2)
  An adder (D:2)
  A worm (D:2)
  3 dart slugs
  2 orcs
  2 bats (D:2)
  An endoplasm (D:2)
  A giant cockroach (D:1)
  3 goblins (D:2)
  4 hobgoblins
  6 jackals
  9 ball pythons
  2 frilled lizards
  5 kobolds
  6 rats
47 creatures vanquished.

Notes
Turn   | Place    | Note
-------+----------+-------------------------------------------
     0 | D:1      | SkeletonJelly the Spriggan Monk began the quest for the
                  | Orb.
     0 | D:1      | Reached XP level 1. HP: 11/11 MP: 2/2
   728 | D:1      | Reached XP level 2. HP: 6/16 MP: 3/3
  1070 | D:1      | Found Faal's Assorted Antiques.
  1249 | D:1      | Found a faded altar of an unknown god.
  2074 | D:2      | Reached XP level 3. HP: 19/19 MP: 4/4
  3108 | D:2      | Found a runed translucent door.
  3109 | D:2      | Noticed Crazy Yiuf
  3221 | D:2      | Killed Crazy Yiuf
  3222 | D:2      | Reached XP level 4. HP: 23/23 MP: 5/5
  3572 | D:2      | Slain by an orc priest

Illustrated notes

Levels and vault maps discovered:
D:1:      lightli_arrival_farm, layout_rooms, serial_co_window_serial,
          co_window_corner_a, co_window_corner_a, co_window_paths_b,
          co_window_cross_1, co_window_paths_a, co_window_corner_a,
          co_window_of_opportunity_a, co_window_paths_a, co_window_paths_a,
          co_window_broadway_a, co_window_paths_c, co_window_broadway_a,
          co_window_of_opportunity_c, glass_columns_a, glass_columns_a,
          glass_columns_c, glass_columns_a, serial_shops, nicolae_shop_crystal,
          hellmonk_ecumenical_altar_crossroads, amcnicky_mini_pool_small,
          corexii_corridor_pit, eino_curves_03
D:2:      layout_rooms, uniq_crazy_yiuf_cottage
D:3:      layout_rooms, grunt_decor_clamped, minivault_25

Skill      XL: |  1  2  3 |
---------------+----------+-----
Long Blades    | 3 4 |  4.3
Fighting       | |  2.4
Dodging        | |  4.0
Stealth        | |  3.0

Action                   |  1- 3 |  4- 6 || total
-------------------------+-------+-------++-------
Melee: Falchion          |   127 |    29 ||   156
Throw: Dart              |    28 |    15 ||    43
 Stab: Sleeping          |     5 |       ||     5
       Distracted        |     1 |       ||     1
Armor: Robe              |    13 |     1 ||    14
Dodge: Dodged            |   130 |    21 ||   151
       Rpst.: Falchion   |    38 |     5 ||    43
